 Dungeon Crawl Stone Soup version 0.17.0-28-g6e173f8 (webtiles) character file.

656 septik the Magician (level 7, -9/36 HPs)
             Began as a Deep Elf Fire Elementalist on Nov 22, 2015.
             Shot with an arrow by a centaur (11 damage)
             ... on level 7 of the Dungeon.
             The game lasted 00:06:40 (3317 turns).

septik the Magician (Deep Elf Fire Elementalist)    Turns: 3317, Time: 00:06:40

Health: -9/36      AC:  6    Str:  5      XL:     7   Next: 29%
Magic:  4/18       EV: 14    Int: 25      God:
Gold:   174        SH:  0    Dex: 14 (15) Spells: 4 memorised, 6 levels left

rFire  . . .     SeeInvis .     r - +0 whip
rCold  . . .     Clarity  .     a - +0 robe
rNeg   . . .     SustAt   .     (no shield)
rPois  .         Gourm    .     o - +1 helmet {Int+3}
rElec  .         Spirit   .     (no cloak)
rCorr  .         Warding  .     (no gloves)
rMut   .         Stasis   .     C - +1 pair of boots
MR     .....                    (no amulet)
Stlth  ++........               (no ring)
                                w - +1 ring of evasion

@: not resistant to hostile enchantments, unstealthy
A: no striking features
a: no special abilities


You were on level 7 of the Dungeon.
You were not hungry.

You visited 1 branch of the dungeon, and saw 6 of its levels.

You collected 174 gold pieces.

Inventory:

Hand Weapons
 r - a +0 whip (weapon)
 t - a +2 flail of protection
 y - a cursed -3 dagger
Missiles
 p - 272 stones (quivered)
Armour
 a - a +0 robe (worn)
 h - a +0 helmet
 o - a +1 helmet of intelligence (worn)
 C - a +1 pair of boots (worn)
Jewellery
 w - a +1 ring of evasion (left hand)
Scrolls
 d - a scroll of identify
 i - a scroll of teleportation
 j - 5 scrolls of remove curse
 q - a scroll of amnesia {unknown}
 s - a scroll of fog {unknown}
 x - a scroll of enchant armour {unknown}
 B - a scroll of fear {unknown}
Potions
 f - a potion of brilliance
 k - a potion of magic
 l - a potion of heal wounds
 u - a potion of flight
 v - a potion of cancellation
Books
 b - a book of Flames

   Spells                             Type                      Level
   a - Flame Tongue                   Conjuration/Fire             1
   b - Throw Flame                    Conjuration/Fire             2
   c - Conjure Flame                  Conjuration/Fire             3
   d - Inner Flame                    Hexes/Fire                   3
   e - Sticky Flame                   Conjuration/Fire             4
   f - Fireball                       Conjuration/Fire             5
Comestibles
 c - 5 bread rations
 g - 3 chunks of flesh
 m - 4 meat rations
 A - a slice of pizza


   Skills:
 - Level 2.4 Dodging
 - Level 2.4 Stealth
 + Level 6.6 Spellcasting
 + Level 5.0 Conjurations
 + Level 6.0 Fire Magic


You had 6 spell levels left.
You knew the following spells:

 Your Spells              Type           Power        Failure   Level  Hunger
a - Flame Tongue          Conj/Fire      #####        1%          1    None
b - Conjure Flame         Conj/Fire      #####...     1%          3    None
c - Sticky Flame          Conj/Fire      #####...     10%         4    ###....
d - Fireball              Conj/Fire      #####.....   21%         5    #####..


Dungeon Overview and Level Annotations

Branches:
Dungeon (7/15)
 Temple: D:4-7

Altars:
Elyvilon
Ru


Message History

Your Fire Magic skill increases to level 6!
The centaur shoots an arrow.
The arrow barely misses you.
Casting: Flame Tongue
Confirm with . or Enter, or press ? or * to list all spells.
You can't see any susceptible monsters within range! (Use Z to cast anyway.)
The centaur shoots an arrow.
The arrow hits you but does no damage.
The centaur shoots an arrow.
The arrow hits you.
* * * LOW HITPOINT WARNING * * *
You see here 2 arrows.
You enter the shallow water.
Moving in this stuff is going to be slow.
Things that are here:
a club; an orc corpse
Things that are here:
a flail; 2 tomahawks The centaur shoots an arrow.
The arrow hits you!
* * * LOW HITPOINT WARNING * * *
You see here an arrow.
The centaur shoots an arrow.
The arrow hits you!
You die...

## #. ..# #. #.# #.
#.## #. ...
#####.####.#
#>......##.#
..###>@...)###
#.....().)((#
#.###(.####c#
#.###..####.#
#...?....##.# ..
#.........#.###...
.#...#....o..).....
........#..(....(..
.##..##.#...c......


You could see a centaur.

Vanquished Creatures
  The ghost of septik the Magician, an amateur DEFE (D:4)
  A sky beast (D:7)
  A phantom (D:5)
  An orc priest (D:4)
  2 orc wizards
  2 worker ants
  A hound zombie (D:5)
  A hound skeleton (D:7)
  5 gnolls
  4 adders
  A shadow imp (D:7)
  An ooze (D:3)
  2 worms (D:2)
  2 giant geckos
  11 orcs
  4 giant cockroaches
  7 goblins
  4 hobgoblins
  4 jackals (D:4)
  A quokka (D:2)
  A ball python (D:2)
  4 bats
  4 giant newts
  8 kobolds
  4 rats
77 creatures vanquished.

Notes
Turn   | Place    | Note
--------------------------------------------------------------
     0 | D:1      | septik the Deep Elf Fire Elementalist began the quest for the Orb.
     0 | D:1      | Reached XP level 1. HP: 10/10 MP: 6/6
   917 | D:2      | Reached XP level 2. HP: 15/15 MP: 1/8
  1091 | D:2      | Found a sacrificial altar of Ru.
  1322 | D:2      | Reached XP level 3. HP: 1/19 MP: 6/10
  1744 | D:2      | Reached skill level 4 in Fire Magic
  2020 | D:3      | Reached XP level 4. HP: 18/24 MP: 9/12
  2397 | D:3      | Found a faded altar to an unknown god.
  2602 | D:4      | Reached XP level 5. HP: 28/28 MP: 9/13
  2758 | D:4      | Reached skill level 5 in Spellcasting
  2872 | D:4      | Found a white marble altar of Elyvilon.
  3018 | D:4      | Noticed septik's ghost (amateur DEFE)
  3025 | D:4      | Killed septik's ghost
  3025 | D:4      | Reached skill level 5 in Fire Magic
  3025 | D:4      | Reached XP level 6. HP: 18/32 MP: 8/16
  3095 | D:5      | Entered Level 5 of the Dungeon
  3101 | D:5      | Reached skill level 6 in Spellcasting
  3148 | D:5      | You fall through a shaft for 2 floors!
  3193 | D:7      | Reached XP level 7. HP: 36/36 MP: 13/18
  3251 | D:7      | Learned a level 3 spell: Conjure Flame
  3256 | D:7      | Learned a level 4 spell: Sticky Flame
  3262 | D:7      | Learned a level 5 spell: Fireball
  3293 | D:7      | Reached skill level 5 in Conjurations
  3316 | D:7      | HP: 1/36 [centaur/arrow (9)]
  3317 | D:7      | Shot with an arrow by a centaur

Action                   |  1- 3 |  4- 6 |  7- 9 || total
-------------------------+-------+-------+-------++-------
Melee: Unarmed           |     1 |       |       ||     1
       Whip              |     5 |       |     3 ||     8
Throw: Stone             |       |     1 |       ||     1
 Cast: Flame Tongue      |    55 |    87 |    22 ||   164
       Conjure Flame     |       |       |     1 ||     1
  Use: Scroll            |       |     7 |       ||     7
       Potion            |       |     3 |       ||     3
  Eat: Chunk             |     3 |     4 |       ||     7
